 Dungeon Crawl Stone Soup version 0.20.1-1-g8b1a95d (webtiles) character file.

81 karf the Caller (level 4, 0/25 HPs)
             Began as a Tengu Summoner on Oct 27, 2017.
             Killed from afar by Natasha (6 damage)
             ... with a magic dart
             ... on level 2 of the Dungeon.
             The game lasted 00:09:47 (1891 turns).

karf the Caller (Tengu Summoner)                    Turns: 1891, Time: 00:09:47

Health: 0/25       AC:  2    Str:  8    XL:     4   Next: 40%
Magic:  5/9        EV: 13    Int: 17    God:
Gold:   110        SH:  0    Dex: 14    Spells: 0/8 levels left

rFire    . . .     SeeInvis .   i - +0 spear
rCold    . . .     Gourm    .   (no shield)
rNeg     . . .     Faith    .   a - +0 robe
rPois    .         Spirit   .   (helmet restricted)
rElec    .         Reflect  .   (no cloak)
rCorr    .         Harm     .   (no gloves)
MR       .....                  (boots unavailable)
Stlth    ++........             (no amulet)
Regen    0.1/turn               (no ring)
MPRegen  0.2/turn               (no ring)

@: no status effects
A: beak, talons 3
a: no special abilities


You were on level 2 of the Dungeon.
You were hungry.

You visited 1 branch of the dungeon, and saw 2 of its levels.

You collected 110 gold pieces.

Inventory:

Hand Weapons
 i - a +0 spear (weapon)
Missiles
 h - 2 tomahawks (quivered)
Armour
 a - a +0 robe (worn)
Jewellery
 e - an uncursed ring of poison resistance {unknown}
Scrolls
 d - 3 scrolls of enchant weapon {unknown}
 f - 3 scrolls of identify {unknown}
 k - 2 scrolls of teleportation {unknown}
 m - a scroll of fear {unknown}
 o - a scroll of random uselessness {unknown}
Potions
 l - a potion of degeneration {unknown}
 n - 2 potions of might {unknown}
Books
 b - a book of Callings

   Spells                             Type                      Level
   a - Summon Small Mammal            Summoning                    1
   b - Call Imp                       Summoning                    2
   c - Call Canine Familiar           Summoning                    3
   d - Summon Guardian Golem          Hexes/Summoning              3
   e - Summon Lightning Spire         Summoning/Air                4
   f - Summon Ice Beast               Ice/Summoning                4
Comestibles
 c - 2 bread rations
 g - a royal jelly
 j - a meat ration


   Skills:
 + Level 1.3 Fighting
 + Level 2.8 Dodging
 - Level 2.0 Stealth
 + Level 2.7 Spellcasting
 * Level 5.7 Summonings


You couldn't memorise any spells.
You knew the following spells:

 Your Spells              Type           Power        Failure   Level  Hunger
a - Summon Small Mammal   Summ           ###.         1%          1    #......
b - Summon Ice Beast      Ice/Summ       ##......     50%         4    #####..
c - Summon Guardian Gole  Hex/Summ       ##......     17%         3    ###....


Dungeon Overview and Level Annotations

Branches:
Dungeon (2/15)

Altars:
The Shining One

Annotations:
D:2 Natasha


Innate Abilities, Weirdness & Mutations

You have a beak for a mouth.
You have claws for feet.


Message History

Your bat closely misses Natasha.
Your bat hits Natasha but does no damage.
Natasha barely misses your bat.
Casting: Summon Small Mammal
Confirm with . or Enter, or press ? or * to list all spells.
Your bat closely misses Natasha. x2; Your quokka bites Natasha.
Natasha howls an incantation.
Natasha's front paws start to glow.
Casting: Summon Small Mammal
Confirm with . or Enter, or press ? or * to list all spells.
Your bat hits Natasha but does no damage.
Your quokka misses Natasha. Natasha barely misses you.
Your bat closely misses Natasha.
Your quokka closely misses Natasha.
Your quokka misses Natasha.
Things that are here:
a hunting sling; 12 stones; a golden potion Your quokka barely misses Natasha.
Your quokka bites Natasha.
Natasha casts a spell at you. The magic dart hits you!
You die...

##.#.<........# #.### ##...##
###.......### ###.# #..#...
#.###.....# #...# ##...##
##.........# #..########.##
##(...(.....## ##.# #...##.#
#............# #.###.####.#
#............# #.....# #.#
##..........(r######.....# #.##
..).........rrh.@.....##.###...#
.###...##....#######.........#...
.# #########.....#...##<...#...##
.# ##### #####...######### ##
.####...# ####..########
...<#)..######.)...........
.##............############
.####...######## .# #...#


You could see Natasha, 2 friendly quokkas and a friendly rat.

Vanquished Creatures
  Natasha (D:2)
  A leopard gecko (D:2)
  5 goblins (D:2)
  A hobgoblin (D:1)
  A ball python (D:2)
  4 bats
  2 frilled lizards (D:2)
  3 kobolds
  2 rats
20 creatures vanquished.

Vanquished Creatures (collateral kills)
  Robin (D:2)
  A gnoll (D:1)
  3 oozes
  A leopard gecko (D:1)
  10 goblins
  4 hobgoblins
  4 jackals (D:2)
  A quokka (D:2)
  2 frilled lizards (D:1)
  A kobold (D:1)
28 creatures vanquished.

Grand Total: 48 creatures vanquished

Notes
Turn   | Place    | Note
-------+----------+-------------------------------------------
     0 | D:1      | karf the Tengu Summoner began the quest for the Orb.
     0 | D:1      | Reached XP level 1. HP: 10/10 MP: 4/4
   290 | D:1      | Reached skill level 5 in Summonings
   290 | D:1      | Reached XP level 2. HP: 16/16 MP: 0/6
  1054 | D:2      | Reached XP level 3. HP: 20/20 MP: 7/7
  1177 | D:2      | Noticed Robin
  1203 | D:2      | Killed Robin
  1203 | D:2      | Reached skill level 1 in Fighting
  1685 | D:2      | Found a glowing golden altar of the Shining One.
  1692 | D:2      | Noticed Natasha
  1708 | D:2      | Killed Natasha
  1708 | D:2      | Reached XP level 4. HP: 23/25 MP: 6/9
  1714 | D:2      | Learned a level 4 spell: Summon Ice Beast
  1718 | D:2      | Learned a level 3 spell: Summon Guardian Golem
  1883 | D:2      | Noticed Natasha
  1891 | D:2      | Killed from afar by Natasha

Skill      XL: |  1  2  3 |
---------------+----------+-----
Summonings     | 5 |  5.7
Fighting       | 1 |  1.3
Dodging        | |  2.8
Stealth        | |  2.0
Spellcasting   | |  2.7

Action                   |  1- 3 |  4- 6 || total
-------------------------+-------+-------++-------
Melee: Spear             |    59 |    17 ||    76
       Unarmed           |     2 |       ||     2
       Peck              |     7 |       ||     7
       Kick              |     6 |     1 ||     7
 Cast: Summon Small Mamm |    47 |     9 ||    56
       Summon Guardian G |       |     2 ||     2
 Stab: Sleeping          |     5 |       ||     5
       Distracted        |       |     1 ||     1
  Eat: Chunk             |     3 |       ||     3
Armor: Robe              |    11 |     1 ||    12
Dodge: Dodged            |    42 |    23 ||    65
